 Dungeon Crawl Stone Soup version 0.30-a0-694-g3340775977 (webtiles) character file.

Game seed: 8539539006956613270

42 Fenrisus the Stinger (level 3, 0/24 HPs)
             Began as a Formicid Venom Mage on Jan 20, 2023.
             Slain by Vildbasse's ghost (14 damage)
             ... on level 3 of the Dungeon.
             The game lasted 00:12:41 (2643 turns).

Fenrisus the Stinger (Formicid Venom Mage)          Turns: 2643, Time: 00:12:42

Health: 0/24       AC:  3    Str: 12    XL:     3   Next: 77%
Magic:  1/6        EV: 12    Int: 22    God:
Gold:   71         SH:  0    Dex: 14    Spells: 4/7 levels left

rFire   . . .      SeeInvis +    c - +0 spear
rCold   + . .      Faith    .    d - orb {*Rage}
rNeg    . . .      Spirit   .    a - +0 robe
rPois   .          Reflect  .    (helmet unavailable)
rElec   .          Harm     .    (no cloak)
rCorr   .          Rampage  .    l - +0 pair of gloves
Will    .....                    (no boots)
Stlth   ++                       (no amulet)
HPRegen 0.24/turn                i - +6 ring of intelligence
MPRegen 0.10/turn                e - ring of protection from cold

@: very slightly contaminated
A: permanent stasis, dig shafts and tunnels, antennae 3, four strong arms
a: Dig, Shaft Self


You were on level 3 of the Dungeon.
You visited 1 branch of the dungeon, and saw 3 of its levels.

You collected 71 gold pieces.

Inventory:

Hand Weapons
 c - a +0 spear (weapon)
Armour
 a - a +0 robe (worn)
 d - an orb of wrath (worn)
 l - a +0 pair of gloves (worn)
Jewellery
 e - a ring of protection from cold (right hand)
 i - a +6 ring of intelligence (left hand)
Scrolls
 j - a scroll of enchant armour
 k - a scroll of fear {unknown}
 n - 2 scrolls of identify
Potions
 b - a potion of magic
 f - a potion of haste {unknown}
 g - a potion of attraction
 h - a potion of resistance {unknown}
 m - a potion of mutation {unknown}


   Skills:
 + Level 2.1 Dodging
 + Level 3.0 Stealth
 + Level 2.6 Spellcasting
 + Level 1.9 Transmutations
 + Level 4.4 Poison Magic


You had 4 spell levels left.
You knew the following spells:

 Your Spells              Type           Power      Damage    Failure   Level
a - Sting                 Tmut/Pois      64%        1d6       3%          1
b - Poisonous Vapours     Pois/Air       24%        N/A       8%          2

Your spell library contained the following spells:

 Spells                   Type           Power      Damage    Failure   Level
 Kiss of Death            Conj/Necr      8%         2d6       13%         1
 Olgreb's Toxic Radiance  Pois           22%        N/A       21%         4
 Mephitic Cloud           Conj/Pois/Air  9%         N/A       22%         3
 Confusing Touch          Hex            2%         N/A       36%         3
 Dispel Undead            Necr           2%         3d7       78%         4


Dungeon Overview and Level Annotations

Branches:
Dungeon (3/15)

Altars:

Annotations:
D:3 Vildbasse's ghost, amateur MiFi


Innate Abilities, Weirdness & Mutations

You cannot be hasted, slowed, berserked, paralysed or teleported.
You can dig through walls and to a lower floor.
You have a pair of large antennae on your head. (SInv)
Your four strong arms can wield two-handed weapons with a shield.


Message History

You can't see any susceptible monsters within range! (Use Z to cast anyway.)
Casting: Sting (safe; 3% risk of failure)
Confirm with . or Enter, or press ? or * to list all spells.
You can't see any susceptible monsters within range! (Use Z to cast anyway.)
Casting: Sting (safe; 3% risk of failure)
Confirm with . or Enter, or press ? or * to list all spells.
Aiming: Sting (safe; 3% risk of failure)
Press: ? - help, Shift-Dir - straight line, f/p - Vildbasse's ghost
Aim: Vildbasse's ghost (lightly damaged, 74% to hit)
The sting hits Vildbasse's ghost but does no damage.
Vildbasse's ghost is lightly damaged.
Vildbasse's ghost barely misses you.
Casting: Sting (safe; 3% risk of failure)
Confirm with . or Enter, or press ? or * to list all spells.
Aiming: Sting (safe; 3% risk of failure)
Press: ? - help, Shift-Dir - straight line, f/p - Vildbasse's ghost
Aim: Vildbasse's ghost (lightly damaged, 74% to hit)
The sting hits Vildbasse's ghost but does no damage.
Vildbasse's ghost is lightly damaged.
Vildbasse's ghost hits you!
Casting: Sting (safe; 3% risk of failure)
Confirm with . or Enter, or press ? or * to list all spells.
Aiming: Sting (safe; 3% risk of failure)
Press: ? - help, Shift-Dir - straight line, f/p - Vildbasse's ghost
Aim: Vildbasse's ghost (lightly damaged, 74% to hit)
You miscast Sting.
You are very lightly contaminated with residual magic.
Nothing appears to happen.
Vildbasse's ghost hits you but does no damage.
Casting: Sting (safe; 3% risk of failure)
Confirm with . or Enter, or press ? or * to list all spells.
Aiming: Sting (safe; 3% risk of failure)
Press: ? - help, Shift-Dir - straight line, f/p - Vildbasse's ghost
Aim: Vildbasse's ghost (lightly damaged, 74% to hit)
The sting misses Vildbasse's ghost.
Vildbasse's ghost closely misses you.
You hit Vildbasse's ghost.
Vildbasse's ghost is lightly damaged.
Vildbasse's ghost hits you!
Ouch! That really hurt!
You die...

#...# ..### ### .# .###
##### ...###### ....###
##.....(###########.......
.......<....#P.#.......##
#############8[W@...[...#
#P.#........#
#####.......# ##.....##
##......### ######
#......^..# .†...########
#.......#.
####<.......#####..)....#
########.....†..........


You could see Vildbasse's ghost.

Vanquished Creatures
  3 worms (D:2)
  A dart slug (D:1)
  3 endoplasms (D:2)
  4 giant cockroaches (D:1)
  2 goblins
  4 hobgoblins
  3 kobolds (D:1)
  4 ball pythons
  A bat (D:1)
  2 frilled lizards
  3 rats
30 creatures vanquished.

Notes
Turn   | Place    | Note
-------+----------+-------------------------------------------
     0 | D:1      | Fenrisus the Formicid Venom Mage began the quest for the
                  | Orb.
     0 | D:1      | Reached XP level 1. HP: 13/13 MP: 3/3
   197 | D:1      | Reached XP level 2. HP: 13/19 MP: 3/5
   365 | D:1      | Learned a level 2 spell: Poisonous Vapours
   679 | D:1      | Found a faded altar of an unknown god.
  1054 | D:2      | Reached XP level 3. HP: 12/24 MP: 1/6
  2630 | D:3      | Found a runed translucent door.
  2631 | D:3      | Noticed Vildbasse's ghost (amateur MiFi)
  2643 | D:3      | Slain by Vildbasse's ghost

Illustrated notes

Levels and vault maps discovered:
D:1:      lemuel_arrival_behind_the_door_large, layout_loops_corners,
          ebering_ecumenical_altar_webs, chequers_serial_rivers_small_b
D:2:      layout_loops_corners
D:3:      layout_rooms, gammafunk_temple_overflow_statue, gammafunk_ghost_grave

Skill      XL: |  1  2  3 |
---------------+----------+-----
Dodging        | 2 |  2.1
Stealth        | 3 |  3.0
Spellcasting   | |  2.6
Transmutations | |  1.9
Poison Magic   | |  4.4

Action                   || total
-------------------------++-------
Melee: Spear             ||    45
       Unarmed           ||     4
 Cast: Sting             ||    24
       Poisonous Vapours ||    24
 Abil: Dig               ||     2
  Use: Scroll            ||     2
Armor: Robe              ||    12
Dodge: Dodged            ||    33

Table legend: (Time is in decaauts)
 A = Elapsed time spent in this place.
 B = Non-inter-level travel time spent in this place.
 C = Inter-level travel time spent in this place.
 D = Time resting spent in this place.
 E = Time spent auto-exploring this place.
 F = Levels seen in this place.
 G = Mean time per level.
                   A        B        C        D        E       F      G
               +--------+--------+--------+--------+--------+-----+--------+
         Total |   2647 |   1032 |   1615 |    753 |      0 |   3 |  882.3 |
       Dungeon |   2647 |   1032 |   1615 |    753 |      0 |   3 |  882.3 |
               +--------+--------+--------+--------+--------+-----+--------+

Top non-repeatable levels by time:
     D:2: 1326 daAuts
     D:1: 1038 daAuts
     D:3: 283 daAuts
